 Dungeon Crawl Stone Soup version 0.27.0-1-g7a089689b8 (webtiles) character file.

Game seed: 8372534852976904667

116 dolemite99 the Slasher (level 4, -3/33 HPs)
             Began as a Demonspawn Gladiator on Aug 3, 2021.
             Killed by divine providence
             ... invoked by an orc priest
              (13 damage)
             ... on level 3 of the Dungeon.
             The game lasted 00:02:08 (2547 turns).

dolemite99 the Slasher (Demonspawn Gladiator)       Turns: 2547, Time: 00:02:08

Health: -3/33      AC:  7    Str: 15    XL:     4   Next: 70%
Magic:  4/4        EV: 11    Int:  9    God:
Gold:   59         SH:  4    Dex: 15    Spells: 3/3 levels left

rFire    . . .     SeeInvis .   b - +0 short sword (drain)
rCold    . . .     Faith    .   (no shield)
rNeg     . . .     Spirit   .   l - +0 ring mail
rPois    .         Reflect  .   c - +0 helmet
rElec    .         Harm     .   n - +0 cloak
rCorr    .         Rampage  .   (no gloves)
Will     .....                  (no boots)
Stlth    +.........             (no amulet)
HPRegen  0.11/turn              (no ring)
MPRegen  0.09/turn              (no ring)

@: no status effects
A: talons 1, large bone plates 1, spiny 1
a: no special abilities


You were on level 3 of the Dungeon.
You visited 1 branch of the dungeon, and saw 3 of its levels.

You collected 59 gold pieces.

Inventory:

Hand Weapons
 a - a +0 long sword
 b - a +0 short sword of draining (weapon)
 s - a -1 hunting sling
Missiles
 d - 3 throwing nets (quivered)
 f - 26 sling bullets
 g - 60 stones
 i - 14 bolts
 j - 36 arrows
 t - 15 poisoned darts
Armour
 c - a +0 helmet (worn)
 h - a +0 leather armour
 k - a +0 kite shield
 l - a +0 ring mail (worn)
 n - a +0 cloak (worn)
Scrolls
 p - a scroll of vulnerability {unknown}
 q - 2 scrolls of acquirement {unknown}
 r - a scroll of blinking {unknown}
 u - a scroll of immolation {unknown}
 v - a scroll of teleportation {unknown}
 w - a scroll of noise {unknown}
Potions
 e - a potion of curing {unknown}
 m - a potion of attraction {unknown}
 o - a potion of heal wounds {unknown}


   Skills:
 - Level 2.0 Fighting
 + Level 3.2(4.0) Short Blades
 - Level 3.6(4.2) Long Blades
 - Level 1.7 Throwing
 - Level 2.6 Dodging


You had 3 spell levels left.
You didn't know any spells.
Your spell library was empty.

Dungeon Overview and Level Annotations

Branches:
Dungeon (3/15)

Altars:


Innate Abilities, Weirdness & Mutations

You have sharp toenails.
You are partially covered in large bone plates. (SH +4)
You are partially covered in sharp spines.


Message History

You kill the rat!
No target in view!
No target in view!
No target in view!
Found a stone staircase leading down.
A frilled lizard comes into view.
The frilled lizard hisses angrily.
An orc comes into view. It is wielding a +0 dagger.
An orc wizard comes into view. It is wielding a +0 dagger.
A bat comes into view.
The orc shouts!
The orc wizard shouts!
You hear a shout!
An orc priest comes into view. It is wielding a +0 club.
The orc priest shouts!
The orc wizard casts a spell.
The orc wizard flickers and vanishes!
Deactivating autopickup; reactivate with Ctrl-A.
The frilled lizard is struck by your spines.
You kill the frilled lizard!
An orc comes into view. It is wielding a +0 hand axe.
The orc shouts!
The bat hits you but does no damage.
A rat comes into view.
You see here a frilled lizard corpse.
You barely miss the bat. Your kick misses the bat.
The bat is struck by your spines.
You kill the bat!
You barely miss the orc. The orc is struck by your spines.
The orc hits you but does no damage.
You hit the orc.
You kill the orc!
A magic dart appears from out of thin air!
The magic dart hits you but does no damage.
The orc priest calls down the wrath of Beogh upon you.
Beogh smites you!
You hear some strange, mumbled words.
A puff of flame appears from out of thin air!
The puff of flame hits you!
The orc priest invokes the aid of Beogh against you.
Beogh smites you!
You die...

..... #...##
#############....
#...........#...#
#.#########.#r..
#.# #.#o> #.#
#.#{# #.# #.#@#
#.# ######.#.#
#.####....#.#.#
#...........#.#
#..###....###.#
####...........#.#
#...#.####.#<..#.#
#.....# #.###.#.#
#...#.# #.....#.#


You could see an orc priest and a rat.

Vanquished Creatures
  6 adders
  A dart slug (D:2)
  An orc (D:3)
  9 ball pythons
  An endoplasm (D:1)
  2 giant cockroaches (D:1)
  5 goblins
  3 hobgoblins (D:1)
  9 jackals
  4 quokkas
  4 bats
  2 frilled lizards
  3 kobolds (D:1)
  6 rats
56 creatures vanquished.

Notes
Turn   | Place    | Note
-------+----------+-------------------------------------------
     0 | D:1      | dolemite99 the Demonspawn Gladiator began the quest for the
                  | Orb.
     0 | D:1      | Reached XP level 1. HP: 16/16 MP: 1/1
   180 | D:1      | Gained mutation: You are partially covered in large bone
                  | plates. (SH +4) [demonic ancestry]
   180 | D:1      | Reached XP level 2. HP: 18/22 MP: 2/2
  1025 | D:1      | Reached skill level 1 in Short Blades
  1025 | D:1      | Gained mutation: You are partially covered in sharp spines.
                  | [demonic ancestry]
  1025 | D:1      | Reached XP level 3. HP: 17/25 MP: 3/3
  2062 | D:2      | Found a faded altar of an unknown god.
  2079 | D:2      | Gained mutation: You have sharp toenails. [demonic
                  | ancestry]
  2079 | D:2      | Reached XP level 4. HP: 30/33 MP: 4/4
  2547 | D:3      | Killed from afar by an orc priest

Illustrated notes

Levels and vault maps discovered:
D:1:      dpeg_arrival_simpleton_b, layout_basic, minmay_misc_feat_iff
D:2:      layout_basic, ebering_ecumenical_altar_rust, minmay_split_cup_large
D:3:      layout_basic, serial_shops, nicolae_shop_waterfront

Skill      XL: |  1  2  3  4 |
---------------+-------------+-----
Long Blades    | 3 |  3.6
Short Blades   | 1 2 3 |  3.2
Fighting       | |  2.0
Throwing       | |  1.7
Dodging        | |  2.6

Action                   |  1- 3 |  4- 6 || total
-------------------------+-------+-------++-------
Melee: Long sword        |    52 |       ||    52
       Short sword       |    52 |    25 ||    77
       Kick              |       |     4 ||     4
Armor: Leather armour    |    22 |       ||    22
       Ring mail         |     7 |     6 ||    13
Dodge: Dodged            |    73 |    15 ||    88
Block: Other             |    15 |     6 ||    21
       Rpst.: Long sword |    10 |       ||    10
